 Dungeon Crawl Stone Soup version 0.29.1-15-g9cfb28693d (webtiles) character file.

Game seed: 13856593290869205366

43 Heoruswealwe the Shooter (level 3, -2/28 HPs)
             Began as a Human Hunter on Mar 5, 2023.
             Slain by a gnoll
             ... wielding a +0 whip
              (4 damage)
             ... on level 2 of the Dungeon.
             The game lasted 00:14:24 (1170 turns).

Heoruswealwe the Shooter (Human Hunter)             Turns: 1170, Time: 00:14:27

Health: -2/28      AC:  3    Str: 11    XL:     3   Next: 82%
Magic:  3/3        EV: 12    Int:  9    God:
Gold:   66         SH:  0    Dex: 18    Spells: 2/2 levels left

rFire   . . .      SeeInvis .   d - +1 sling (vorpal)
rCold   + . .      Faith    .   (no shield)
rNeg    . . .      Spirit   .   c - +0 leather armour
rPois   .          Reflect  .   (no helmet)
rElec   .          Harm     .   (no cloak)
rCorr   .          Rampage  .   (no gloves)
Will    .....                   (no boots)
Stlth   ++........              (no amulet)
HPRegen 0.09/turn               i - ring of protection from cold
MPRegen 0.08/turn               (no ring)

@: no status effects
A: no striking features
a: no special abilities


You were on level 2 of the Dungeon.
You visited 1 branch of the dungeon, and saw 2 of its levels.

You collected 66 gold pieces.

Inventory:

Hand Weapons
 a - a +0 shortbow
 d - a +1 vorpal sling (weapon)
 j - a +0 dagger
 l - a +0 club
 o - a +0 dagger
 p - a +0 dagger
 q - a +0 hand axe
 r - a +0 club
 t - a +0 club
 v - a +0 spear
Missiles
 m - 17 stones
Armour
 c - a +0 leather armour (worn)
 h - a +0 plate armour
 w - a +0 robe
Jewellery
 i - a ring of protection from cold (left hand)
Scrolls
 b - a scroll of immolation
 f - 2 scrolls of identify {unknown}
 k - a scroll of fog {unknown}
 s - a scroll of teleportation {unknown}
 u - a scroll of enchant weapon {unknown}
 x - a scroll of torment {unknown}
Potions
 e - a potion of ambrosia {unknown}
 g - a potion of brilliance {unknown}
 n - a potion of invisibility {unknown}


   Skills:
 + Level 2.5 Fighting
 + Level 4.3 Ranged Weapons
 + Level 2.5 Dodging
 + Level 1.9 Stealth


You had 2 spell levels left.
You didn't know any spells.
Your spell library contained the following spells:

 Spells                   Type           Power      Damage    Failure   Level
 Ignite Poison            Fire/Tmut/Pois 0%         N/A       85%         3
 Mephitic Cloud           Conj/Pois/Air  0%         N/A       85%         3
 Freezing Cloud           Conj/Ice/Air   0%         6-21      100%        5


Dungeon Overview and Level Annotations

Branches:
Dungeon (2/15)

Altars:


Message History

Found a stone staircase leading down.
A dart slug comes into view.
The hobgoblin shouts!
The gnoll shouts! x3
A goblin comes into view. It is wielding a +0 club.
The bat closely misses you.
Nothing quivered!
Nothing quivered!
Nothing quivered!
Okay, then.
Nothing quivered!
You shoot a sling bullet. The sling bullet hits the bat.
You kill the bat!
The gnoll barely misses you.
You shoot a sling bullet. The sling bullet hits the gnoll.
The gnoll is lightly wounded.
The gnoll throws a throwing net.
The throwing net barely misses you.
The gnoll hits you from afar with a +0 spear.
You shoot a sling bullet.
The sling bullet hits the hobgoblin but does no damage.
The gnoll hits you from afar with a +0 spear.
The hobgoblin barely misses you.
You shoot a sling bullet. The sling bullet hits the gnoll.
The gnoll is heavily wounded.
The quokka bites you but does no damage.
The gnoll hits you with a +0 whip. The gnoll closely misses you.
The gnoll hits you with a +0 whip!
* * * LOW HITPOINT WARNING * * *
The hobgoblin hits you.
* * * LOW HITPOINT WARNING * * *
The dart slug launches a dart at you. The slug dart misses you.
The slug dart hits the hobgoblin.
The quokka closely misses you.
You are too injured to fight recklessly!
Fire: d) +1 sling (vorpal)
Press: ? - help, Q - select action, (/) - cycle Shift-Dir - straight line, f/p - gnoll
Aim: a gnoll, wielding a +0 whip (heavily wounded, 66% to hit)
You shoot a sling bullet. The sling bullet hits the gnoll!
You kill the gnoll!
The gnoll hits you with a +0 whip.
You die...

############.
##.....#......
##.........w...
#.>............
#..............
#...!g)........
#.....g@....(..
#.....gr....[..
#......$.g.....
##.............
##.....#......
#########....
..## ..


You could see 2 gnolls, a dart slug, a quokka, a hobgoblin and a goblin.

Vanquished Creatures
  A gnoll (D:2)
  3 dart slugs (D:1)
  5 bats
  3 endoplasms (D:1)
  5 giant cockroaches (D:1)
  3 goblins (D:1)
  2 hobgoblins (D:1)
  3 jackals (D:1)
  2 ball pythons (D:1)
  2 frilled lizards (D:1)
  6 rats (D:1)
35 creatures vanquished.

Notes
Turn   | Place    | Note
-------+----------+-------------------------------------------
     0 | D:1      | Heoruswealwe the Human Hunter began the quest for the Orb.
     0 | D:1      | Reached XP level 1. HP: 16/16 MP: 1/1
   109 | D:1      | Reached XP level 2. HP: 21/22 MP: 2/2
   225 | D:1      | Reached XP level 3. HP: 28/28 MP: 3/3
  1170 | D:2      | Slain by a gnoll

Illustrated notes

Levels and vault maps discovered:
D:1:      lemuel_arrival_funnel, layout_loops_ring, minmay_split_cup_large
D:2:      layout_rooms, uniq_crazy_yiuf_cottage

Action                   || total
-------------------------++-------
 Fire: Sling             ||    69
Armor: Leather armour    ||     9
Dodge: Dodged            ||    24
